AoeStats
← 150490644@

Arabia

509459756Analyzed
1v1 RM · 5d ago on Sep 26, 2026· 42m 8s· 2 players
Game mode
Random Map
Map size
Tiny (2 player)
Population
200
Speed
Normal
Resources
Standard
Victory
Conquest
Starting age
Dark Age
Ending age
Imperial Age
RankedLock teamsTeams togetherTeam positionsShared explorationLock speedFull tech treeHidden civsTurbo modeCheats
Victory
Defeat
🇹🇷 Lithuanians · Türkiye
1062
+16
🇮🇹 Varangians · Italy
1053
-16
150490644@
10:29 Feudal Age
11:11 Double-Bit Axe
11:46 Loom
16:41 Castle Age
17:00 Wheelbarrow
20:27 Stone Mining
20:28 Gold Mining
23:14 Bow Saw
23:34 Town Watch
28:29 Hand Cart
29:09 Husbandry
31:45 Stone Shaft Mining
35:14 Scale Barding Armor
35:19 Forging
36:31 Chain Barding Armor
38:48 Iron Casting
42:18 Imperial Age
40:15 Vendel Legacy
41:03 Fletching
41:14 Padded Archer Armor
Avukator
7:05 Loom
9:42 Feudal Age
10:27 Double-Bit Axe
15:02 Bloodlines
16:34 Scale Barding Armor
18:00 Horse Collar
22:36 Castle Age
20:45 Gold Mining
24:06 Fletching
26:10 Bow Saw
31:12 Imperial Age
29:30 Town Watch
30:21 Wheelbarrow
31:36 Chain Barding Armor
31:25 Stone Mining
32:06 Husbandry
32:19 Forging
32:58 Elite Leitis
35:15 Two-Man Saw
35:34 Capped Ram
37:42 Plate Barding Armor
37:47 Iron Casting
40:30 Hand Cart
40:56 Scale Mail Armor
41:50 Stone Shaft Mining
Connection lost

Rejoining the realm…

Still unreachable

The connection could not be restored.

Session expired

The server has moved on; the page needs a fresh start.